 Dungeon Crawl Stone Soup version 0.25-a0-634-gd1561dc703 (webtiles) character file.

Game seed: 6163139359766828231, levelgen mode: deterministic

798 DasRunzen the Poker (level 7, -2/60 HPs)
             Began as a Pale Draconian Gladiator on Mar 20, 2020.
             Was a Follower of Okawaru.
             Slain by an ogre
             ... wielding a +0 giant club
              (30 damage)
             ... on level 5 of the Dungeon.
             The game lasted 00:11:16 (3562 turns).

DasRunzen the Poker (Pale Draconian Gladiator)      Turns: 3562, Time: 00:11:17

Health: -2/60      AC: 14    Str: 16    XL:     7   Next: 58%
Magic:  11/11      EV: 14    Int: 11    God:    Okawaru [*.....]
Gold:   156        SH:  0    Dex: 12    Spells: 12/12 levels left

rFire    . . .     SeeInvis .   k - +5 halberd (venom)
rCold    . . .     Gourm    .   (shield currently unavailable)
rNeg     . . .     Faith    .   (armour unavailable)
rPois    +         Spirit   .   b - +2 hat
rElec    .         Reflect  .   o - +0 cloak
rCorr    .         Harm     +   h - +0 pair of gloves
MR       .....                  (no boots)
Stlth    +.........             g - amulet of harm
HPRegen  0.20/turn              q - ring of poison resistance
MPRegen  0.12/turn              e - +4 ring of protection

@: confused
A: breathe steam, unfitting armour, cold-blooded, AC +6
a: Breathe Steam, Heroism, Renounce Religion


You were on level 5 of the Dungeon.
You worshipped Okawaru.
Okawaru was aware of your devotion.
You were not hungry.

You visited 1 branch of the dungeon, and saw 5 of its levels.

You collected 156 gold pieces.

Inventory:

Hand Weapons
 a - a +0 trident
 k - a +5 halberd of venom (weapon)
Missiles
 c - 4 throwing nets (quivered)
Armour
 b - a +2 hat (worn)
 h - a +0 pair of gloves (worn)
 o - a +0 cloak (worn)
Jewellery
 e - a +4 ring of protection (right hand)
 g - an amulet of harm (around neck)
 i - an uncursed ring of see invisible
 q - a ring of poison resistance (left hand)
 r - an uncursed ring of flight {unknown}
Scrolls
 m - a scroll of enchant weapon
Potions
 f - a potion of stabbing
 l - a potion of invisibility
 n - a potion of mutation
 t - 2 potions of flight
 w - a potion of curing {unknown}
Comestibles
 d - 10 rations
 j - 8 chunks of flesh


   Skills:
 + Level 4.8 Fighting
 + Level 4.9 Polearms
 - Level 1.7 Throwing
 + Level 4.4 Dodging
 + Level 3.3 Spellcasting
 + Level 3.1 Invocations


You had 12 spell levels left.
You didn't know any spells.
Your spell library was empty.

Dungeon Overview and Level Annotations

Branches:
Dungeon (5/15)
 Temple: D:4-7

Altars:
Cheibriados
Okawaru
Uskayaw


Innate Abilities, Weirdness & Mutations

You can breathe blasts of scalding, opaque steam.
Your pale cyan-grey scales are hard. (AC +6)
You cannot fit into any form of body armour.
You are cold-blooded and may be slowed by cold attacks.


Message History

You kill the orc!
Okawaru accepts your kill.
The orc wizard hits you but does no damage.
The orc closely misses you. The jelly hits you but does no damage.
The orc wizard gestures wildly while chanting.
The orc wizard flickers and vanishes!
Deactivating autopickup; reactivate with Ctrl-A.
You barely miss something. The orc hits you but does no damage.
The ogre hits you with a +0 giant club! The jelly misses you.
Something hits you. The orc closely misses you.
Unknown command.
You bump into the rock wall.
The jelly closely misses you. Something hits you but does no damage.
The ogre misses you.
Unknown command.
You barely miss the ogre. The orc hits you but does no damage.
The jelly hits you.
You are splashed with acid!
Something hits you but does no damage.
The ogre hits you with a +0 giant club!!
Ouch! That really hurt!
You die...

.....######..#
......#......#
#####.##.##..#
#..#.##..#
##.#.##..# #...<#..#
##.###..# #####
#........#####......
#.##.###....@J......
#. #.# #...O{o......
# .# #............
.. #............ #.
#.#####...... #.#
...... #.# ...... ..
...... . ...


You could see an ogre, a jelly and an orc.

Vanquished Creatures
  An ice beast (D:5)
  A scorpion (D:4)
  A bullfrog zombie (D:5)
  2 bullfrog skeletons (D:4)
  Crazy Yiuf (D:2)
  2 orc priests
  A centaur skeleton (D:4)
  4 orc wizards
  2 worker ants
  A killer bee zombie (D:5)
  A hound skeleton (D:4)
  A howler monkey zombie (D:4)
  3 worker ant zombies (D:4)
  3 adders
  4 gnolls
  A shadow imp (D:5)
  2 oozes
  2 adder skeletons (D:4)
  3 adder zombies
  5 worms
  A leopard gecko (D:1)
  24 orcs
  2 ball pythons
  10 bats
  4 giant cockroaches
  6 hobgoblins
  6 jackals (D:2)
  A quokka (D:3)
  A ball python zombie (D:4)
  7 frilled lizards
  2 giant cockroach zombies (D:4)
  13 goblins
  7 kobolds
  2 leopard gecko skeletons (D:4)
  2 leopard gecko zombies
  6 rats
135 creatures vanquished.

Notes
Turn   | Place    | Note
-------+----------+-------------------------------------------
     0 | D:1      | DasRunzen the Draconian Gladiator began the quest for the
                  | Orb.
     0 | D:1      | Reached XP level 1. HP: 17/17 MP: 1/1
   126 | D:1      | Reached XP level 2. HP: 19/25 MP: 2/2
   529 | D:1      | Reached skill level 1 in Spellcasting
   842 | D:1      | Found an iron altar of Okawaru.
   907 | D:2      | Reached XP level 3. HP: 29/30 MP: 4/4
  1008 | D:2      | Found a runed translucent door.
  1009 | D:2      | Noticed Crazy Yiuf
  1085 | D:2      | Killed Crazy Yiuf
  1085 | D:2      | Reached XP level 4. HP: 28/38 MP: 4/6
  1296 | D:2      | Found an iron altar of Okawaru.
  1324 | D:2      | Found a snail-covered altar of Cheibriados.
  1800 | D:2      | Became a worshipper of Warmaster Okawaru
  1864 | D:3      | Reached XP level 5. HP: 34/45 MP: 7/7
  1978 | D:3      | Reached skill level 1 in Invocations
  2818 | D:4      | Reached XP level 6. HP: 47/52 MP: 9/9
  2977 | D:4      | Reached * piety under Okawaru
  3265 | D:4      | Your scales start taking on a pale cyan-grey colour.
  3265 | D:4      | Reached XP level 7. HP: 60/60 MP: 11/11
  3325 | D:5      | Entered Level 5 of the Dungeon
  3330 | D:5      | Found a hide-covered altar of Uskayaw.
  3562 | D:5      | Slain by an ogre

Levels and vault maps discovered:
D:1:      dpeg_arrival_water_altar, layout_basic, chequers_garden
D:2:      layout_loops_ring, old_standard_altar, okawaru_ov_weapons_minmay,
          uniq_crazy_yiuf_cottage
D:3:      cheibrodos_greedy_goblins, layout_loops_ring, hex_medium
D:4:      layout_cave_pools, serial_undead, serial_undead_e, serial_undead_c,
          serial_undead_b, serial_undead_f, serial_undead_b, serial_undead_a,
          serial_undead_c, serial_undead_e, serial_undead_f, serial_undead_c
D:5:      layout_basic, nicolae_overflow_crystal_walls, old_standard_altar,
          minmay_temple_entry_purple_smoke, first_ration, serial_shops, shop,
          minmay_increasing_density

Skill      XL: |  1  2  3  4  5  6  7 |
---------------+----------------------+-----
Dodging        | 3 4 |  4.4
Spellcasting   | 1 2 3 |  3.3
Fighting       | 3 4 |  4.8
Invocations    | 1 2 3 |  3.1
Polearms       | 4 |  4.9
Throwing       | |  1.7

Action                   |  1- 3 |  4- 6 |  7- 9 || total
-------------------------+-------+-------+-------++-------
Melee: Trident           |    28 |       |       ||    28
       Tailslap          |     6 |    15 |     4 ||    25
       Halberd           |    34 |   193 |    69 ||   296
  Use: Scroll            |       |     4 |     8 ||    12
 Stab: Sleeping          |     3 |     4 |     1 ||     8
  Eat: Chunk             |       |     7 |     2 ||     9
Armor: Skin              |    18 |    85 |    29 ||   132
Dodge: Dodged            |    40 |   117 |    48 ||   205

Table legend:
 A = Non-vault XP
 B = Vault XP
 C = Vault XP percentage of total XP
 D = Non-vault monster count
 E = Vault monster count
 F = Vault count percentage of total count
                 A         B        C        D         E       F
            +---------+---------+-------+---------+---------+-------
      Total |     867 |     274 |  24.0 |     113 |      22 |  16.3
            +---------+---------+-------+---------+---------+-------
        D:1 |      35 |       0 |   0.0 |      16 |       0 |   0.0
        D:2 |      80 |      40 |  33.3 |      30 |       1 |   3.2
        D:3 |     224 |       9 |   3.9 |      35 |       5 |  12.5
        D:4 |     135 |     225 |  62.5 |      11 |      16 |  59.3
        D:5 |     393 |       0 |   0.0 |      21 |       0 |   0.0
            +---------+---------+-------+---------+---------+-------
